Cogmind - Beta 14 @@@ ROGUE MODE // 2025.01.07 @ 21:14:23 Player: Lako Result: Self-destructed Performance ------------- Evolutions (2) 1000 Regions Visited (5) 1000 Robots Destroyed (6) 30 Value Destroyed (84) 84 Prototype IDs (23) 460 Alien Tech Used (0) 0 Bonus (300) 300 TOTAL SCORE: 2874 Bonus ------- Aligned with FarCom 300 Cogmind --------- Core Integrity 537/550 Matter 230/300 Energy 0/250 System Corruption 0% Temperature Cool (9) Movement Hovering (48) Location -8/Materials Parts ------- > --- POWER (1) -------- Ion Engine > --- PROPULSION (4) --- Gravmag System Gravmag System Gravmag System Gravmag System > --- UTILITY (4) ------ Advanced Weight Redist. System Terrain Scan Processor > --- WEAPON (2) ------- EM Pulse Gun Field Lobotomy Kit > --- INVENTORY (5) ---- Experimental Sensor Array Improved Terrain Scanner Improved Targeting Computer Medium Laser Peak State ------------ > --- POWER ------------ Light Ion Engine > --- PROPULSION ------- Gravmag System Gravmag System Gravmag System Gravmag System > --- UTILITY ---------- Advanced Weight Redist. System Terrain Scan Processor > --- WEAPON ----------- EM Pulse Gun Field Lobotomy Kit > --- INVENTORY -------- Ion Engine Experimental Sensor Array Improved Terrain Scanner Improved Targeting Computer Medium Laser [Rating: 34] Favorites ----------- Power Light Ion Engine Engine Light Ion Engine Propulsion Flight Unit Wheel Compact Wheel Hover Unit Gravmag System Flight Unit Flight Unit Utility Terrain Scanner Device Terrain Scanner Storage Small Storage Unit Processor Terrain Scan Processor Weapon Assault Rifle Energy Gun EM Pulse Gun Ballistic Gun Assault Rifle Special Weapon Field Lobotomy Kit Build | -11 -10 -10 -10 -9 -8 ------- Run | Yrd Mat Min Exi Min Mat Slots Evolved 4 | . . . . . 4 Power . | . . . . . . Propulsion 2 | . . . . . 2 Utility 2 | . . . . . 2 Weapon . | . . . . . . Parts Attached 20 | 6 1 4 2 . 7 Power 3 | 1 . 1 . . 1 Engine 3 | 1 . 1 . . 1 Core . | . . . . . . Reactor . | . . . . . . Propulsion 8 | 2 . 2 . . 4 Treads . | . . . . . . Leg . | . . . . . . Wheel 2 | 2 . . . . . Hover 4 | . . . . . 4 Flight 2 | . . 2 . . . Utility 4 | 1 1 1 . . 1 Device 2 | . 1 . . . 1 Storage 1 | 1 . . . . . Processor 1 | . . 1 . . . Hackware . | . . . . . . Protection . | . . . . . . Artifact . | . . . . . . Weapon 5 | 2 . . 2 . 1 Energy Gun 2 | 1 . . 1 . . Energy Cannon . | . . . . . . Ballistic Gun 2 | 1 . . 1 . . Ballistic Cannon . | . . . . . . Launcher . | . . . . . . Special Weapon 1 | . . . . . 1 Impact Weapon . | . . . . . . Slashing Weapon . | . . . . . . Piercing Weapon . | . . . . . . Special Melee Weapon . | . . . . . . Unidentified Prototypes . | . . . . . . Parts Lost . | . . . . . . Power . | . . . . . . Propulsion . | . . . . . . Utility . | . . . . . . Weapon . | . . . . . . Highest Loss Streak . | . . . . . . To Critical Strikes . | . . . . . . Average Slot Usage (%) 93 | . 95 78 100 100 68 Engine 13 | . 14 14 14 14 9 Wheel 5 | . 28 5 . . . Flight 21 | . . 22 28 28 16 Device 13 | . 9 14 14 14 12 Storage 2 | . 14 1 . . . Processor 9 | . . 2 14 14 9 Energy Gun 11 | . 14 2 14 14 9 Ballistic Gun 12 | . 14 14 14 14 1 Peak Build Rating 34 | 6 7 7 9 10 34 Average Rating 9 | 4 6 5 8 9 21 On Entrance 6 | . 6 7 7 9 10 Naked Turns . | . . . . . . Heaviest Build 15 | 14 15 15 8 8 15 Greatest Support 45 | 26 26 26 8 8 45 Greatest Overweight (x) 1 | . . 1 . . . Average Overweight (x) . | . . . . . . Largest Inventory Capacity 8 | 8 8 8 5 5 5 Average Capacity 5 | 7 8 5 5 5 5 Most Carried 7 | 2 5 7 5 5 5 Average Carried 4 | . 2 5 4 4 4 Final Capacity 8 | 8 8 5 5 5 5 Final Carried 5 | 2 5 5 5 5 4 Class Distribution -------------------- 36% | Scavenger-Scout 32% | Scavenger-Mutant 30% | Mutant Dominant Class ---------------- Mutant | -10/Materials Mutant | -10/Mines Scavenger-Mutant | -10/Exiles Scavenger-Scout | -9/Mines Scavenger-Mutant | -8/Materials Resources | -11 -10 -10 -10 -9 -8 ----------- Run | Yrd Mat Min Exi Min Mat Matter Collected 611 | 223 87 212 . 89 . Remotely . | . . . . . . Salvage Created 112 | . 87 25 . . . Parts 9 | . 7 2 . . . Haulers Intercepted . | . . . . . . Recyclers Shooed . | . . . . . . Parts Field Recycled . | . . . . . . Retrieved Matter . | . . . . . . Parts Self-Destructed . | . . . . . . Prevented . | . . . . . . Kills | -11 -10 -10 -10 -9 -8 ------- Run | Yrd Mat Min Exi Min Mat Combat Hostiles Destroyed 6 | . 4 2 . . . Guns 6 | . 4 2 . . . Classes Destroyed 2 | . 2 . . . . Swarmer 5 | . 3 2 . . . Grunt 1 | . 1 . . . . Best Kill Streak 3 | . 3 2 . . . Combat Bots Only 3 | . 3 2 . . . Max Kills in Single Turn 1 | . 1 1 . . . Gunslinging . | . . . . . . Exploded . | . . . . . . Melee . | . . . . . . Uniques/NPCs Destroyed . | . . . . . . Combat | -11 -10 -10 -10 -9 -8 -------- Run | Yrd Mat Min Exi Min Mat Hostile Shots Fired 50 | . 31 16 . . 3 Missed 21 | . 10 10 . . 1 Damage Taken 308 | . 193 84 . . 31 Core 59 | . 24 22 . . 13 Absorbed by Shields . | . . . . . . Core Remaining (%) 90 | 100 . . . 81 . Volleys Fired 27 | . 16 11 . . . Largest 2 | . 2 2 . . . Hottest 70 | . 70 70 . . . Shots Fired 45 | . 32 13 . . . Gun 45 | . 32 13 . . . Cannon . | . . . . . . Launcher . | . . . . . . Special . | . . . . . . Kinetic 27 | . 16 11 . . . Thermal 18 | . 16 2 . . . Explosive . | . . . . . . Electromagnetic . | . . . . . . Robot Hit Streak 7 | . 7 5 . . . Robot Miss Streak 3 | . 3 2 . . . Penetration Max . | . . . . . . Secondary Targets 1 | . . 1 . . . Max Gunslinging Chain 1 | . . 1 . . . Shots Hit Robots 25 | . 19 6 . . . Core Hits 9 | . 5 4 . . . Critical Kills . | . . . . . . Critical Parts Destroyed . | . . . . . . Critical Strikes . | . . . . . . Melee Attacks . | . . . . . . Impact . | . . . . . . Slashing . | . . . . . . Piercing . | . . . . . . Sneak Attacks . | . . . . . . Combat Hostiles . | . . . . . . Follow-up Attacks . | . . . . . . Damage Inflicted 342 | . 272 70 . . . Guns 342 | . 272 70 . . . Cannons . | . . . . . . Explosions . | . . . . . . Melee . | . . . . . . Ramming . | . . . . . . Kinetic 205 | . 147 58 . . . Thermal 137 | . 125 12 . . . Explosive . | . . . . . . Electromagnetic . | . . . . . . Impact . | . . . . . . Slashing . | . . . . . . Piercing . | . . . . . . Highest Corruption . | . . . . . . Average Corruption . | . . . . . . Corruption Purged . | . . . . . . Corruption Blocked . | . . . . . . Overload Shots . | . . . . . . Overflow Damage . | . . . . . . Projectiles . | . . . . . . Explosions . | . . . . . . Melee . | . . . . . . Knockbacks . | . . . . . . Impact . | . . . . . . Kinetic . | . . . . . . Secondary . | . . . . . . Self-Inflicted Damage . | . . . . . . Shots . | . . . . . . Rammed . | . . . . . . Targets Rammed . | . . . . . . Kicked . | . . . . . . Crushed . | . . . . . . Highest Temperature 204 | . 204 18 . . 5 Average Temperature 83 | . 96 7 . . 5 Received Heat Transfer 141 | . 60 45 . . 36 Siege Activations . | . . . . . . Robots Corrupted . | . . . . . . Combat Hostiles . | . . . . . . Parts Fried . | . . . . . . Impact Corruptions . | . . . . . . Robots Melted . | . . . . . . Combat Hostiles . | . . . . . . Parts Melted 1 | . 1 . . . . Heat Transferred 407 | . 370 37 . . . Parts Sabotaged . | . . . . . . Parts Stolen . | . . . . . . Parts Stripped . | . . . . . . Power Chain Reactions . | . . . . . . Alert | -11 -10 -10 -10 -9 -8 ------- Run | Yrd Mat Min Exi Min Mat Peak Influence 90 | . 90 84 . . . Initial 34 | . . 34 . . . Average 23 | . 43 80 . . . Maximum Alert Level . | . . . . . . Low Security (%) 100 | 100 100 100 . 100 100 Level 1 . | . . . . . . Level 2 . | . . . . . . Level 3 . | . . . . . . Level 4 . | . . . . . . Level 5 . | . . . . . . High Security . | . . . . . . Max Security . | . . . . . . Squads Dispatched 3 | . 1 1 . . 1 Investigation 1 | . . 1 . . . Extermination . | . . . . . . Reinforcement 2 | . 1 . . . 1 Assault . | . . . . . . Garrison . | . . . . . . Intercept . | . . . . . . Searches Triggered . | . . . . . . Construction Impeded . | . . . . . . Haulers Reinforced . | . . . . . . Active Scanning Responses . | . . . . . . Cargo Convoy Interrupts . | . . . . . . Stealth | -11 -10 -10 -10 -9 -8 --------- Run | Yrd Mat Min Exi Min Mat Distress Signals . | . . . . . . Communications Jammed . | . . . . . . Distress Signals . | . . . . . . Times Spotted 12 | . 4 5 . . 3 Peak Tracking Total 3 | . 3 3 . . 2 Tactical Retreats . | . . . . . . Traps | -11 -10 -10 -10 -9 -8 ------- Run | Yrd Mat Min Exi Min Mat Traps Triggered . | . . . . . . Indirectly . | . . . . . . Trap Hack Attempts . | . . . . . . Triggered . | . . . . . . Disarmed . | . . . . . . Reprogrammed . | . . . . . . Reused . | . . . . . . Traps Extracted . | . . . . . . Installed . | . . . . . . Triggered . | . . . . . . Machines | -11 -10 -10 -10 -9 -8 ---------- Run | Yrd Mat Min Exi Min Mat Machines Disabled . | . . . . . . Max in Single Turn . | . . . . . . Machines Repaired . | . . . . . . Machines Dismantled . | . . . . . . Machines Sabotaged . | . . . . . . Overloaded Fab Kills . | . . . . . . Hacking | -11 -10 -10 -10 -9 -8 --------- Run | Yrd Mat Min Exi Min Mat Machines Accessed 7 | . . 1 5 1 . Terminals . | . . . . . . Fabricators . | . . . . . . Repair Stations . | . . . . . . Recycling Units . | . . . . . . Scanalyzers . | . . . . . . Garrison Access . | . . . . . . Total Hacks 52 | . . 1 50 1 . Successful 52 | . . 1 50 1 . Failed . | . . . . . . Catastrophic . | . . . . . . Database Lockouts . | . . . . . . Manual 1 | . . . 1 . . Terminals . | . . . . . . Fabricators . | . . . . . . Repair Stations . | . . . . . . Recycling Units . | . . . . . . Scanalyzers . | . . . . . . Garrison Access . | . . . . . . Terminal Hacks 52 | . . 1 50 1 . Record 49 | . . . 49 . . Open Door 2 | . . 1 . 1 . Derelict Proto ID Bank 1 | . . . 1 . . Fabricator Hacks . | . . . . . . Repair Station Hacks . | . . . . . . Recycling Unit Hacks . | . . . . . . Scanalyzer . | . . . . . . Garrison Access Hacks . | . . . . . . Unauthorized Hacks . | . . . . . . Terminals . | . . . . . . Fabricators . | . . . . . . Repair Stations . | . . . . . . Recycling Units . | . . . . . . Scanalyzers . | . . . . . . Garrison Access . | . . . . . . Data Cores Recovered . | . . . . . . Used . | . . . . . . Hacking Detections . | . . . . . . Full Trace Events . | . . . . . . Feedback Events . | . . . . . . Feedback Blocked . | . . . . . . Robot Schematics Acquired . | . . . . . . Robots Built . | . . . . . . Authchips . | . . . . . . Time . | . . . . . . Total Robot Build Rating . | . . . . . . Part Schematics Acquired . | . . . . . . Parts Built . | . . . . . . Authchips . | . . . . . . Time . | . . . . . . Total Part Build Rating . | . . . . . . Parts Repaired . | . . . . . . Time . | . . . . . . Parts Recycled . | . . . . . . Recycled Matter . | . . . . . . Retrieved Matter . | . . . . . . Retrieved Components . | . . . . . . Parts Scanalyzed . | . . . . . . Part Schematics Acquired . | . . . . . . Parts Damaged . | . . . . . . Bothacking | -11 -10 -10 -10 -9 -8 ------------ Run | Yrd Mat Min Exi Min Mat Used RIF Installer . | . . . . . . Robots Hacked . | . . . . . . Non-combat . | . . . . . . Combat . | . . . . . . Robot Hacks Applied . | . . . . . . Relay Couplers Released . | . . . . . . Fabnet Peak Effective % . | . . . . . . Robots Rewired . | . . . . . . Allies Hacked . | . . . . . . Hacks Repelled . | . . . . . . Allies | -11 -10 -10 -10 -9 -8 -------- Run | Yrd Mat Min Exi Min Mat Total Allies 2 | . . . . 2 . Largest Group 2 | . . . . 2 2 Highest-Rated Group 43 | . . . . 43 43 Highest-Rated Ally 31 | . . . . 31 31 Total Orders . | . . . . . . Ally Attacks 3 | . . . . . 3 Total Damage 62 | . . . . . 62 Kills 1 | . . . . . 1 Allies Corrupted . | . . . . . . Allies Melted . | . . . . . . Intel | -11 -10 -10 -10 -9 -8 ------- Run | Yrd Mat Min Exi Min Mat Robot Analysis Total . | . . . . . . Derelict Logs Recovered 1 | . . 1 . . . Drone Launches . | . . . . . . Drone Recoveries . | . . . . . . Exploration | -11 -10 -10 -10 -9 -8 ------------- Run | Yrd Mat Min Exi Min Mat Turns Passed 1178 | 65 183 156 289 388 97 Spaces Moved 1895 | 61 145 147 770 635 137 Core 1 | 1 . . . . . Treads . | . . . . . . Legs . | . . . . . . Wheels 217 | 60 145 12 . . . Hover 4 | . . . . . 4 Flight 1673 | . . 135 770 635 133 Fastest Speed 37 | 50 90 37 37 37 37 Average Speed 43 | 89 90 43 37 37 37 Slowest Speed 120 | 100 90 120 37 37 60 Overloaded Moves . | . . . . . . Propulsion Burnouts . | . . . . . . Robots Hopped 7 | . . 3 . 4 . Cave-ins Triggered . | . . . . . . Exploration Rate (%) 42 | 5 27 37 93 82 11 Regions Visited 5 Branch Regions 3 Pre-discovered Areas 3 | . . 1 1 1 . Known Exits Taken . | . . . . . . Unknown Exits Taken 5 | 1 1 1 1 1 . Scrap Searched 2 | . . . . 2 . Spaces Dug . | . . . . . . Terrain Destroyed . | . . . . . . Melee . | . . . . . . Projectile . | . . . . . . AOE . | . . . . . . Terrain Rammed . | . . . . . . Walls Destroyed . | . . . . . . Machines Disabled . | . . . . . . Actions | -11 -10 -10 -10 -9 -8 --------- Run | Yrd Mat Min Exi Min Mat Total 2198 | 68 164 226 773 784 183 Wait 237 | . . 55 . 150 32 Move 1876 | 60 144 140 769 626 137 Hop 7 | . . 3 . 4 . Pick Up 11 | 2 3 2 1 2 1 Fast Attach 17 | 6 1 4 1 . 5 Attach 3 | . . . 1 . 2 Detach 5 | . . 4 . . 1 Swap . | . . . . . . Drop 15 | . . 7 1 2 5 Fire 27 | . 16 11 . . . Melee . | . . . . . . Ram . | . . . . . . Kick . | . . . . . . Crush . | . . . . . . Escape Stasis . | . . . . . . Rewire . | . . . . . . Trap . | . . . . . . Miscellaneous . | . . . . . . Route ------- -11/Scrapyard -10/Materials -10/Mines (discovered 3 exits: [*Mat x2] / *Exi) -10/Exiles (discovered 2 exits: *Min x2) -9/Mines (discovered 2 exits: [*Mat x2]) -8/Materials History --------- Turn | Location | Event 18 | -11/Scrapyard | Discovered new exit (range 15) 66 | -11/Scrapyard | Entered Materials 188 | -10/Materials | Met 8R-AWN 208 | -10/Materials | Discovered new exit (range 9) 249 | -10/Materials | Entered Mines 250 | -10/Mines | Followed 8R-AWN into the Mines 254 | -10/Mines | Discovered new exit (range 10) 318 | -10/Mines | Build established: Mutant 333 | -10/Mines | Learned location of Storage (-9) 341 | -10/Mines | Discovered new exit (range 13) 345 | -10/Mines | Met a Derelict shopkeep closing up shop 400 | -10/Mines | Discovered new exit (range 5) 405 | -10/Mines | Entered Exiles 419 | -10/Exiles | Welcomed by 8R-AWN 427 | -10/Exiles | Met EX-HEX 442 | -10/Exiles | Met EX-DEC 468 | -10/Exiles | Discovered new exit (range 14) 514 | -10/Exiles | Visited The Gauntlet 578 | -10/Exiles | Met EX-BIN 586 | -10/Exiles | Aligned with FarCom system 586 | -10/Exiles | Given EX-Vault access code 609 | -10/Exiles | Opened EX-Vault 614 | -10/Exiles | Found Field Lobotomy Kit 631 | -10/Exiles | Warned to stay clear of 0b10 Research branches 648 | -10/Exiles | Learned location of Zion (-6) 673 | -10/Exiles | Build established: Scavenger-Mutant 674 | -10/Exiles | Learned about 8R-AWN's background 684 | -10/Exiles | Discovered new exit (range 15) 694 | -10/Exiles | Left Exiles lab with Field Lobotomy Kit 694 | -10/Exiles | Entered Mines 726 | -9/Mines | Found a damaged Exp. Sensor Array with a note attached 727 | -9/Mines | Found Prototype Device 753 | -9/Mines | Assembled infested the area 758 | -9/Mines | Assisted by a Guerilla fighting off Assembled 970 | -9/Mines | Discovered new exit (range 15) 993 | -9/Mines | Discovered new exit (range 8) 999 | -9/Mines | Build established: Scavenger-Scout 1007 | -9/Mines | Found the Drone Emporium 1082 | -9/Mines | Entered Materials 1082 | -8/Materials | Accompanied by 2 allies 1082 | -8/Materials | Evolved 4 slots: Propulsion x2, Utility x2 1088 | -8/Materials | Led the pair of lost Derelicts to an unsafe place 1179 | -8/Materials | Self-destructed Last Messages --------------- Q7-TZQ(g): "This place looks worse than where we left..." Acquired Adv. Weight Redist. System. Dropped Assault Rifle. Q7-TZQ(g): "Following you was a bad idea, I think." K-01 Serf collects debris. Dropped Terrain Scanner. Acquired Imp. Terrain Scanner. R-06 Scavenger collects Terrain Scanner. Acquired Gravmag System. Dropped Flight Unit. Acquired Gravmag System. Dropped Lgt. Ion Engine. ALERT: Hostiles spotted, dispatching reinforcements to Terminal M005. G-47 Trooper destroyed. Critical hit (Burn: +37). R-06 Scavenger collects Imp. Heat Sink. R-06 Scavenger destroyed. Map ----- +----------------------------------------------------+ | # ] # #?#?#?#????????????? | | # # #?#???????????#????? | | # """!/ #???#?#????????????? | | # [ """ # ##????#?#??????????? | | # """ # ####### ##?????????? | | # # #?????????? | | # """ # +?????????? | | # """ # #?????????? | | # """ # #?????????? | | # # #?????????? | | # # #?????????? | | ######### #?????????? | | ????????# ### ##?????????? | | ?????#??# #??+#??????????? | | ????????# #?? ???????????? | | ????????#!* # ???????????? | | ????????#!%g # ????????????? | | ????????# !%[ + ?????????????? | | ????????# g" "z #??????????????? | | ????????# "G" ##?????????????? | | ???????## " #### #????????? | | ???????# #????????? | | ???????# #????????? | | ?????### # ??????? | | ?????# ##+##### ??????? | | ?????#[@*=!!#??????????????????? | | ?????#[[ =!!#??????????????????? | | ?????########??????????????????? | | ???????????????????????????????? | | ???????????????????????????????? | | ???????????????????????????????? | | ???????????????????????????????? | | ???????????????????????????????? | | ???????????????????????????????? | | ???????????????????????????????? | | ???????????????????????????????? | | | | | | | | | | | | | | | | | | | | | | | | | | | | | +----------------------------------------------------+ Best States ------------- Heat Dissipation 31 Energy Generation 10 Energy Capacity 250 Matter Stores 300 Matter Capacity 300 Sight Range 16 Terrain Scan Range 14 Terrain Scan Density 85 Additional Mass Support 9 Evasion (%) 62 Item Schematics ----------------- None Robot Schematics ------------------ None Fabricated ------------ Nothing Alien Tech Used ----------------- None Achievements -------------- Librarian Challenges ------------ None Game ------ Seed GravmagPhaseInverter Manual? 0 Play Time 00:38:39 Cumulative 6.2 hours Start 2025.01.07 @ 20:32:34 End 2025.01.07 @ 21:14:23 Sessions 1 Manual Loads 0 Difficulty Rogue Special Mode None Game No. 6 Rogue 6 Adventurer 0 Explorer 0 Win Type - Total 0 Types 0/0/0/0/0/0/0/0/0 Lore% 8 Gallery% 9 Achievement% 10 Wizard Run 0 Options --------- Layout 1 ASCII 0 Keyboard 1 Movement Arrows Keybinds 0 Fullscreen 1 Font 32/SmallcapsGlow Map View 50x35 Zoom Use 0% Tactical HUD 0 Map Filters NONE Filters NONE Steam 1 RUN: 3469a34b-906e-482e-95e0-02aecd34f619